 Dungeon Sprint DCSS version 0.27-a0-394-g49c82dfaf2 (webtiles) character file.

Game seed: 2956763308952366829

110 greenwhat the Fighter (level 4, -5/49 HPs)
             Began as a Minotaur Abyssal Knight on Feb 21, 2021.
             Was a Believer of Lugonu.
             Slain by Sigmund
             ... wielding a +1 scythe of protection
              (8 damage)
             ... in the Dungeon (Sprint I: "Red Sonja").
             The game lasted 00:00:55 (59 turns).

greenwhat the Fighter (Minotaur Abyssal Knight)       Turns: 59, Time: 00:00:55

Health: -5/49      AC:  4    Str: 17    XL:     4   Next: 61%
Magic:  3/5        EV: 11    Int:  9    God:    Lugonu [**....]
Gold:   54         SH:  0    Dex: 10    Spells: 3/3 levels left

rFire    . . .     SeeInvis .   a - +1 falchion
rCold    . . .     Faith    .   (no shield)
rNeg     . . .     Spirit   .   i - +1 leather armour {Will+}
rPois    .         Reflect  .   (helmet restricted)
rElec    .         Harm     .   (no cloak)
rCorr    .         Rampage  .   (no gloves)
Will     +....     NoTele   +   (no boots)
Stlth    +.........             (no amulet)
HPRegen  0.16/turn              (no ring)
MPRegen  0.09/turn              (no ring)

@: no status effects
A: retaliatory headbutt, horns 2
a: Renounce Religion, Bend Space


You were in the Dungeon.
You worshipped Lugonu.
Lugonu was pleased with you.
You visited 1 branch You collected 54 gold pieces.

Inventory:

Hand Weapons
 a - a +1 falchion (weapon)
Armour
 b - a +0 leather armour
 i - a +1 leather armour of willpower (worn)
Scrolls
 h - a scroll of blinking
Potions
 c - 2 potions of curing
 d - a potion of heal wounds
 e - a potion of haste
 f - 2 potions of magic
 g - a potion of berserk rage


   Skills:
 + Level 8.6 Fighting
 + Level 5.7 Long Blades
 + Level 4.9 Armour
 + Level 1.7 Dodging
 + Level 3.2 Invocations


You had 3 spell levels left.
You didn't know any spells.
Your spell library was empty.

Dungeon Overview and Level Annotations

Branches:
Dungeon (1/1)

Altars:

Annotations:
D Sigmund


Innate Abilities, Weirdness & Mutations

You reflexively headbutt those who attack you in melee.
You have a pair of horns on your head.


Message History

You kill the ogre!
Lugonu accepts your kill.
You can now bend space around yourself.
Your Fighting skill gained 2 levels and is now at level 8!
Your Long Blades skill gained 2 levels and is now at level 5!
Your Armour skill increases to level 4!
Your Invocations skill increases to level 3!
You have reached level 3!
Your experience leads to an increase in your attributes!
Increase (S)trength, (I)ntelligence, or (D)exterity?
You feel stronger.
You have reached level 4!
You feel agile.
There is an open door, spattered with blood here.
You see here a +0 giant club.
You open the door.
Found 54 gold pieces.
There is an open door here.
You now have 27 gold pieces.
You now have 54 gold pieces (gained 27).
There is an open door here.
As you open the door, it creaks loudly!
Sigmund the Dreaded comes into view.
He is wielding a +1 scythe of protection.
Sigmund shouts!
Sigmund casts a spell at you. The puff of flame misses you.
There is an open door here.
You barely miss Sigmund.
Sigmund hits you with a +1 scythe of protection!
You closely miss Sigmund. Sigmund closely misses you.
You hit Sigmund.
Sigmund is lightly wounded.
You closely miss Sigmund.
Sigmund is lightly wounded.
Sigmund gestures at himself while chanting.
Sigmund flickers and vanishes!
Deactivating autopickup; reactivate with Ctrl-A.
You hit something but do no damage. Something hits you!
* * * LOW HITPOINT WARNING * * *
Something hits you!
You die...

#############
#<.#..)..#..+
#..').#.@'{.#
#..#####'####
#..# #..#
#..# ####
#..# #⌠⌠#
####


There were no monsters in sight!

Vanquished Creatures
  An ogre (D)
  Ijyb (D)
2 creatures vanquished.

Notes
Turn   | Place    | Note
-------+----------+-------------------------------------------
     0 | D        | greenwhat the Minotaur Abyssal Knight began the quest for
                  | the Orb.
     0 | D        | Reached XP level 1. HP: 19/19 MP: 1/1
     2 | D        | Noticed Ijyb
    15 | D        | Killed Ijyb
    16 | D        | Reached skill level 6 in Fighting
    16 | D        | Reached XP level 2. HP: 12/30 MP: 2/2
    31 | D        | Noticed an ogre
    38 | D        | Killed an ogre
    38 | D        | Reached ** piety under Lugonu
    39 | D        | Reached skill level 8 in Fighting
    39 | D        | Reached skill level 5 in Long Blades
    39 | D        | Reached XP level 3. HP: 20/41 MP: 2/4
    39 | D        | Reached XP level 4. HP: 24/49 MP: 2/5
    52 | D        | Noticed Sigmund
    58 | D        | HP: 2/49 [something (13)]
    59 | D        | Slain by Sigmund

Illustrated notes

Levels and vault maps discovered:
D:        dungeon_sprint_1 [red_sonja_temple_1, red_sonja_temple_small_1]

Skill      XL: |  1  2 |
---------------+-------+-----
Fighting       | 6 8 |  8.6
Long Blades    | 3 5 |  5.7
Armour         | 3 4 |  4.9
Invocations    | 2 3 |  3.2
Dodging        | |  1.7

Action                   |  1- 3 |  4- 6 || total
-------------------------+-------+-------++-------
Melee: Falchion          |    19 |     5 ||    24
       Headbutt          |     4 |       ||     4
Armor: Leather armour    |     3 |       ||     3
Dodge: Dodged            |     8 |     2 ||    10
       Rpst.: Falchion   |     3 |       ||     3

Table legend: (Time is in decaauts)
 A = Elapsed time spent in this place.
 B = Non-inter-level travel time spent in this place.
 C = Inter-level travel time spent in this place.
 D = Time resting spent in this place.
 E = Time spent auto-exploring this place.
 F = Levels seen in this place.
 G = Mean time per level.
                   A        B        C        D        E       F      G
               +--------+--------+--------+--------+--------+-----+--------+
         Total |     61 |     61 |      0 |      0 |      0 |   1 |   61.0 |
       Dungeon |     61 |     61 |      0 |      0 |      0 |   1 |   61.0 |
               +--------+--------+--------+--------+--------+-----+--------+

Top non-repeatable levels by time:
       D: 61 daAuts
